Map: Oxide LE

Players

PtitDrogo - Winner!

  • Race: Protoss Protoss
  • Spawn Location: 7:00

SouLeer

  • Race: Zerg Zerg
  • League: Grandmaster
  • Spawn Location: 1:00

Event: DreamHack SC2 Masters 2020 Winter

VOD

Have the link to the VOD?

Description

Time

  • Played on: Oct. 31, 2020, 1:53 p.m.
  • Length: 7:56

All games in this series

Show
View Real Time Build Order
Export as new Build Order

PtitDrogo Protoss - Winner!

Build Orders: 1 Gate Expand, Oracle Opening, Zealot Archon 

Get SALT Encoding   

  12  0:00  Probe  
  13  0:12  Probe  
  14  0:19  Pylon  
  14  0:24  Probe  
  15  0:37  Probe (Chrono Boost)  
  15  0:38  Gateway  
  16  0:46  Probe (Chrono Boost)  
  16  0:47  Assimilator  
  17  0:51  Probe (Chrono Boost)  
  18  1:03  Probe  
  19  1:15  Probe  
  20  1:24  Nexus  
  20  1:34  Cybernetics Core  
  20  1:37  Probe  
  21  1:42  Assimilator  
  21  1:49  Probe  
  21  1:52  Pylon  
  22  2:03  Probe  
  22  2:08  Adept (Chrono Boost)  
  23  2:13  Stargate  
  25  2:15  Probe  
  26  2:23  Warp Gate  
  26  2:28  Adept (Chrono Boost)  
  26  2:29  Probe (Chrono Boost)  
  27  2:36  Probe (Chrono Boost)  
  31  2:45  Probe x2 (Chrono Boost)  
  31  2:50  Probe (Chrono Boost)  
  32  2:51  Stalker  
  32  2:52  Probe  
  36  3:02  Probe, Oracle (Chrono Boost)  
  36  3:04  Probe  
  41  3:10  Pylon  
  41  3:14  Probe  
  41  3:19  Probe  
  43  3:20  Gateway  
  43  3:26  Probe  
  44  3:31  Probe  
  44  3:32  Oracle (Chrono Boost)  
  48  3:39  Probe  
  49  3:45  Probe  
  49  3:48  Pylon  
  50  3:52  Nexus  
  50  3:54  Probe  
  51  3:57  Probe  
  51  4:00  Void Ray (Chrono Boost)  
  52  4:06  Probe  
  57  4:10  Shield Battery  
  57  4:15  Probe  
  58  4:17  Assimilator  
  58  4:18  Probe  
  58  4:19  Assimilator  
  58  4:23  Robotics Facility  
  59  4:27  Probe  
  60  4:35  Probe  
  61  4:39  Forge, Twilight Council  
  61  4:46  Pylon  
  61  4:48  Pylon  
  61  4:58  Probe  
  62  5:03  Gateway x2, Probe (Chrono Boost)  
  62  5:04  Probe (Chrono Boost)  
  64  5:11  Observer  
  66  5:15  Probe (Chrono Boost)  
  66  5:16  Protoss Ground Weapons Level 1  
  66  5:17  Charge  
  66  5:18  Zealot, Probe x2 (Chrono Boost)  
  66  5:20  Sentry  
  72  5:21  Pylon  
  72  5:24  Probe (Chrono Boost)  
  72  5:27  Probe x2  
  73  5:34  Probe  
  76  5:39  Probe x2  
  76  5:40  Immortal (Chrono Boost)  
  80  5:45  Assimilator x2  
  80  5:46  Probe  
  83  5:51  Gateway, Probe x2  
  83  5:56  Gateway  
  85  5:57  Gateway  
  85  5:59  Probe  
  85  6:00  Templar Archives  
  88  6:11  Pylon, Probe  
  89  6:13  Stalker x2  
  89  6:14  Shield Battery  
  89  6:15  Stalker x2  
  95  6:26  Immortal (Chrono Boost)  
  99  6:33  Pylon  
  99  6:35  Pylon  
  99  6:38  Probe  
  100  6:40  Shield Battery  
  100  6:44  High Templar x2  
  100  6:45  Zealot x2  
  108  6:50  Archon  
  108  6:51  Zealot  
  108  6:52  Pylon  
  110  6:55  Zealot, Immortal (Chrono Boost)  
  110  6:56  Pylon  
  116  7:04  High Templar  
  116  7:06  High Templar, Zealot  
  122  7:10  Archon, Gateway  
  122  7:14  Gateway  
  122  7:16  Zealot x2  
  122  7:19  Zealot x2  
  128  7:25  Pylon  
  128  7:27  Zealot  
  122  7:37  Zealot x3  
  122  7:42  Zealot  
  113  7:47  Zealot  
Show
View Real Time Build Order
Export as new Build Order

SouLeer Zerg 

Build Orders: Hatch First 

Get SALT Encoding   

  12  0:00  Drone  
  13  0:13  Overlord  
  13  0:17  Drone  
  14  0:31  Drone x2  
  16  0:47  Hatchery  
  15  0:51  Drone  
  15  0:55  Drone  
  17  0:58  Drone  
  18  1:09  Extractor  
  17  1:14  Spawning Pool  
  17  1:16  Drone  
  17  1:20  Drone  
  18  1:29  Drone  
  19  1:39  Drone  
  20  1:52  Overlord  
  20  2:01  Queen x2, Zergling x2  
  20  2:02  Zergling x2  
  26  2:11  Drone x2  
  28  2:21  Drone  
  29  2:24  Drone  
  30  2:34  Hatchery  
  30  2:36  Metabolic Boost  
  29  2:41  Drone x2  
  31  2:44  Drone  
  31  2:48  Overlord  
  32  2:58  Zergling x2  
  35  2:59  Zergling x2  
  36  3:06  Queen  
  36  3:07  Drone x2  
  36  3:12  Drone x3  
  41  3:15  Overlord  
  41  3:21  Drone  
  42  3:27  Overlord  
  42  3:30  Queen  
  42  3:33  Spore Crawler  
  42  3:34  Drone  
  44  3:37  Drone  
  45  3:43  Overlord  
  45  3:46  Drone x4  
  49  3:49  Drone  
  49  3:52  Drone  
  49  3:54  Queen  
  53  4:00  Drone  
  53  4:01  Spore Crawler  
  53  4:04  Drone x2  
  53  4:06  Spore Crawler  
  54  4:10  Drone  
  54  4:12  Spore Crawler  
  54  4:13  Drone  
  54  4:15  Drone x2  
  56  4:17  Drone  
  56  4:18  Drone x2  
  56  4:23  Lair  
  59  4:24  Drone  
  59  4:27  Overlord  
  59  4:30  Drone  
  60  4:35  Overlord  
  59  4:40  Drone, Extractor  
  59  4:41  Extractor, Roach Warren  
  59  4:43  Drone x2  
  59  4:48  Drone x3  
  59  4:51  Drone, Overlord  
  59  4:52  Drone  
  64  4:54  Drone  
  64  4:55  Drone  
  64  4:58  Overlord  
  64  4:59  Overlord  
  65  5:06  Drone x4  
  69  5:07  Extractor  
  69  5:11  Overlord  
  69  5:14  Extractor, Overlord  
  67  5:20  Glial Reconstitution  
  66  5:25  Roach x5  
  75  5:29  Roach x2  
  75  5:34  Nydus Network  
  75  5:35  Roach  
  78  5:38  Roach  
  84  5:42  Roach  
  84  5:43  Roach  
  84  5:45  Roach  
  84  5:48  Roach x2  
  90  5:51  Overlord  
  90  5:53  Roach  
  92  5:58  Roach x2  
  92  6:01  Roach x2  
  102  6:04  Roach  
  102  6:10  Nydus Canal  
  102  6:12  Overseer  
  102  6:16  Roach x4  
  110  6:18  Overlord  
  110  6:21  Roach  
  112  6:27  Roach x3  
  112  6:32  Overlord  
  118  6:33  Roach  
  118  6:36  Overlord  
  118  6:38  Roach  
  122  6:45  Nydus Canal  
  122  6:46  Roach x2  
  122  6:47  Roach  
  128  6:49  Overlord  
  128  6:51  Ravager x2  
  130  6:56  Ravager  
  130  6:58  Roach x2  
  135  7:08  Roach x5  
  145  7:11  Roach x2  
  149  7:18  Roach x2  
  153  7:24  Overlord  
  145  7:35  Roach x2  
Tags
 
Add a new tag
Caveats
  • Supply blocks, unpowered buildings, or Contaminate may cause inaccurate times.
  • Supply counts are checked every 10 seconds.